 Dungeon Crawl Stone Soup version 0.22-a0-322-g60b3cfd (webtiles) character file.

86 4thArraOfDagon the Conjurer (level 4, -4/38 HPs)
             Began as a Hill Orc Conjurer on Apr 4, 2018.
             Was an Initiate of Beogh.
             Slain by an ice beast (13 damage)
             ... on level 4 of the Dungeon.
             The game lasted 00:05:42 (1529 turns).

4thArraOfDagon the Conjurer (Hill Orc Conjurer)     Turns: 1529, Time: 00:05:43

Health: -4/38      AC:  5    Str:  9 (10) XL:     4   Next: 50%
Magic:  6/6        EV: 10    Int: 14 (16) God:    Beogh [......]
Gold:   72         SH:  0    Dex:  9 (11) Spells: 5/6 levels left

rFire    . . .     SeeInvis .   j - +0 hand axe
rCold    . . .     Gourm    .   (no shield)
rNeg     . . .     Faith    .   k - +0 ring mail
rPois    .         Spirit   .   (no helmet)
rElec    .         Reflect  .   (no cloak)
rCorr    .         Harm     .   (no gloves)
MR       .....                  (no boots)
Stlth    ..........             (no amulet)
HPRegen  0.12/turn              (no ring)
MPRegen  0.10/turn              (no ring)

@: confused
A: no striking features
a: Renounce Religion


You were on level 4 of the Dungeon.
You worshipped Beogh.
Beogh was noncommittal.
You were hungry.

You visited 1 branch of the dungeon, and saw 4 of its levels.

You collected 72 gold pieces.

Inventory:

Hand Weapons
 j - a +0 hand axe (weapon)
Armour
 a - a +0 robe
 e - a +0 scale mail
 k - a +0 ring mail (worn)
Scrolls
 b - 2 scrolls of immolation
 f - a scroll of identify
Comestibles
 c - 3 rations


   Skills:
 - Level 3.0 Fighting
 * Level 3.1 Axes
 - Level 1.5 Dodging
 - Level 1.5 Stealth
 - Level 1.5 Spellcasting
 - Level 4.3 Conjurations


You had 5 spell levels left.
You knew the following spells:

 Your Spells              Type           Power        Failure   Level  Hunger
a - Magic Dart            Conj           ##..         12%         1    ##.....


Dungeon Overview and Level Annotations

Branches:
Dungeon (4/15)             Temple (0/1) D:4

Altars:
Xom


Message History

Unknown command.
Unknown command.
Unknown command.
Unknown command.
Unknown command.
Unknown command.
Unknown command.
Unknown command.
The orc wizard gestures wildly while chanting.
The orc wizard flickers and vanishes!
There is an escape hatch in the floor here.
You are confused.
The ice beast hits you but does no damage.
The ogre closely misses you.
An orc wizard appears from thin air!
Reactivating autopickup.
The ice beast hits you.
* * * LOW HITPOINT WARNING * * *
The ice beast freezes you!
You die...

###.#...####.........####...##.#
##.#.#.## ##.......## ##.###.#
#.###.## ##.....## ### #{#
##.#.## ##...## #O# ###.###
##+## #.# ......# #.# #####{#
###.#.# #.# #.>...# # #.#.#
##.## #.##### #
#.#.#########.@o########O# #
#............YO.......##.# #
###.#########...#.#.#.##.# # #.#
##.##.#......# #####.#
####.###.#### ......# #.# #.#
####### #.###.# #.....# #######


You could see an ice beast, an ogre and an orc wizard.

Vanquished Creatures
  An adder (D:2)
  2 dart slugs
  2 leopard geckos
  4 orcs (D:4)
  2 giant cockroaches (D:3)
  6 hobgoblins (D:1)
  4 jackals (D:4)
  A quokka (D:2)
  5 bats (D:1)
  4 frilled lizards
  3 goblins (D:1)
  4 kobolds (D:1)
  4 rats
42 creatures vanquished.

Vanquished Creatures (others)
  2 orc wizards (D:4)
  2 orc priests (D:4)
  A worker ant (D:4)
  An ooze (D:4)
  A worm (D:4)
  6 orcs (D:4)
  A ball python (D:4)
14 creatures vanquished.

Grand Total: 56 creatures vanquished

Notes
Turn   | Place    | Note
-------+----------+-------------------------------------------
     0 | D:1      | 4thArraOfDagon the Hill Orc Conjurer began the quest for the Orb.
     0 | D:1      | Reached XP level 1. HP: 14/14 MP: 3/3
   209 | D:1      | Reached skill level 1 in Fighting
   280 | D:1      | Reached XP level 2. HP: 23/23 MP: 1/4
   308 | D:1      | 4thArraOfDagon: this one is etter :)
   400 | D:1      | EnegeticOcto: yeah
   452 | D:1      | EnegeticOcto: are you going for a highscore?
   587 | D:1      | Reached XP level 3. HP: 25/30 MP: 2/5
   624 | D:2      | 4thArraOfDagon: maybe
   624 | D:2      | 4thArraOfDagon: possibly just solid run
   674 | D:2      | Found a shimmering altar of Xom.
   817 | D:2      | EnegeticOcto: good luck, Xom has been killing me in the past few runs so I'm just going to watch for a while
   944 | D:3      | Reached skill level 1 in Axes
   962 | D:4      | Became a worshipper of Beogh the Brigand
   978 | D:4      | Reached XP level 4. HP: 8/38 MP: 0/6
  1145 | D:4      | Found a staircase to the Ecumenical Temple.
  1385 | D:4      | Noticed an ogre
  1401 | D:4      | Noticed an ice beast
  1529 | D:4      | Slain by an ice beast

Vault maps used:
D:1:      minmay_arrival_up_and_down
D:2:      minmay_misc_feat_tiny, serial_bayou_pond_c, xom_teletrap_fun,
          uniq_crazy_yiuf_cottage
D:3:      uniq_sigmund
D:4:      temple_green, first_ration, st_stairs_11

Skill      XL: |  1  2  3  4 |
---------------+-------------+-----
Fighting       | 1 2 3 |  3.0
Axes           | 2 3 |  3.1
Dodging        | |  1.5
Stealth        | |  1.5
Spellcasting   | |  1.5
Conjurations   | |  4.3

Action                   |  1- 3 |  4- 6 || total
-------------------------+-------+-------++-------
Melee: Unarmed           |    25 |       ||    25
       Hand axe          |    22 |    49 ||    71
 Cast: Magic Dart        |    54 |    12 ||    66
Invok: Convert to Beogh  |     1 |       ||     1
  Use: Scroll            |       |     3 ||     3
       Potion            |       |     2 ||     2
  Eat: Chunk             |     2 |     1 ||     3
Armor: Robe              |    18 |       ||    18
       Ring mail         |     4 |    32 ||    36
Dodge: Dodged            |    50 |    36 ||    86

Table legend:
 A = Spawn XP
 B = Non-spawn XP
 C = Spawn XP percentage of total XP
 D = Spawn monster count
 E = Non-spawn monster count
 F = Spawn count percentage of total count
 G = Total turns spent on level
                    A         B        C        D         E        F      G
               +---------+---------+-------+---------+---------+-------+---------
         Total |       0 |     124 |   0.0 |       0 |      44 |   0.0 |  1529
               +---------+---------+-------+---------+---------+-------+---------
           D:1 |       0 |      35 |   0.0 |       0 |      21 |   0.0 |   623
           D:2 |       0 |      27 |   0.0 |       0 |       8 |   0.0 |   230
           D:3 |       0 |       6 |   0.0 |       0 |       4 |   0.0 |   112
           D:4 |       0 |      56 |   0.0 |       0 |      11 |   0.0 |   564
               +---------+---------+-------+---------+---------+-------+---------
